 Dungeon Crawl Stone Soup version 0.30-a0-576-g89cddaab80 (webtiles) character file.

Game seed: 9771621885421986043

633606 Zonian the Necromancer (level 27, -4/144 HPs)
             Began as a Vine Stalker Brigand on Dec 29, 2022.
             Was a High Priest of Uskayaw.
             Succumbed to an ushabti's dark miasma
             ... on level 10 of a ziggurat on Dec 31, 2022.
             The game lasted 06:20:06 (82445 turns).

Zonian the Necromancer (Vine Stalker Brigand)      Turns: 82445, Time: 06:20:07

Health: -4/144     AC: 32    Str: 23    XL:     27
Magic:  6/38       EV: 23    Int: 21    God:    Uskayaw [*****.]
Gold:   5058       SH: 11    Dex: 26    Spells: 2/56 levels left

rFire   + . .      SeeInvis +    r - +9 dagger (speed)
rCold   + . .      Faith    .    s - +3 buckler {AC+3}
rNeg    + + .      Spirit   +    Z - +7 ring mail of the Hall of Blades {Str+8 SInv}
rPois   +          Reflect  .    Y - +0 helmet of the Gate {rPois rF+ Int+2}
rElec   .          Harm     .    g - +1 cloak {rCorr}
rCorr   +          Rampage  ∞    m - +2 pair of gloves {hurl}
Will    +++++                    i - +3 pair of seven-league boots {Rampage+∞}
Stlth   ++++++                   b - amulet of Vitality {RegenMP++ Regen++}
HPRegen 2.84/turn                F - ring of Isyacleg {rC+ rN+ Will+ AC+4 Int+2 Dex+3}
MPRegen 1.06/turn                P - ring "Qaahoh" {rPois rN+ Will+ EV+5}

@: lethally poisoned (-4 -> -16), slowed, studying 2 skills, very slow
A: fangs 3, regeneration 1, magic shield, antimagic bite, no potion heal 2, low
MP 1
}: 4/15 runes: decaying, serpentine, slimy, silver
a: Renounce Religion, Stomp, Line Pass, Grand Finale


You were on level 10 of a ziggurat.
You worshipped Uskayaw.
Uskayaw was pleased with you.
You visited 11 branches of the dungeon, and saw 54 of its levels.
You visited the Abyss 3 times.
You visited 1 ziggurat, and saw 10 of its levels.
You also visited: Sewer, Bailey, Gauntlet and Desolation.

You collected 10076 gold pieces.
You spent 5018 gold pieces at shops.

Inventory:

Hand Weapons
 r - a +9 dagger of speed (weapon)
Missiles
 d - 30 poisoned darts (quivered)
 e - 18 curare-tipped darts
 n - 26 atropa-tipped darts
 v - 18 javelins
 w - 18 boomerangs of dispersal
 J - 2 throwing nets
 L - 4 silver javelins
Armour
 g - a +1 cloak of preservation (worn)
 i - the +3 pair of seven-league boots (worn) {Rampage+∞}
   (You acquired it on level 2 of the Depths)

   Its wearer moves as far as possible in that direction when moving towards
   enemies.
 k - the +2 ratskin cloak {*Rats rPois rN+ Str-1 Int-1 Dex+1}
   (You found it on level 2 of the Dungeon)

   When the wearer is hurt, rats may emerge from it to assist them.
   Str:       It affects your strength (-1).
   Int:       It affects your intelligence (-1).
   Dex:       It affects your dexterity (+1).
   rPois:     It protects you from poison.
   rN:        It protects you from negative energy.
 m - a +2 pair of gloves of hurling (worn)
 s - a +3 buckler of protection (worn)
 z - the +2 cloak of the Thief {*Fog Slay-2 SInv Stlth+}
   (You found it on level 7 of a ziggurat)

   It may release a thick cloud of smoke when the wearer is hurt.
   Slay:      It affects your accuracy & damage with ranged weapons and melee
   (-2).
   SInv:      It lets you see invisible.
   Stlth:     It makes you more stealthy.
 Y - the +0 helmet of the Gate (worn) {rPois rF+ Int+2}
   (You found it in the Desolation of Salt)

   Int:       It affects your intelligence (+2).
   rF:        It protects you from fire.
   rPois:     It protects you from poison.
 Z - the +7 ring mail of the Hall of Blades (worn) {Str+8 SInv}
   (You found it on level 12 of the Dungeon)

   Str:       It affects your strength (+8).
   SInv:      It lets you see invisible.
Jewellery
 b - the amulet of Vitality (around neck) {RegenMP++ Regen++}
   (You bought it in a shop on level 1 of the Snake Pit)

   [amulet of magic regeneration]

   It increases your rate of magic regeneration.
   Regen:     It increases your rate of health regeneration.
 F - the ring of Isyacleg (left hand) {rC+ rN+ Will+ AC+4 Int+2 Dex+3}
   (You found it on level 5 of the Pits of Slime)

   [ring of protection]

   AC:        It affects your AC (+4).
   Int:       It affects your intelligence (+2).
   Dex:       It affects your dexterity (+3).
   rC:        It protects you from cold.
   rN:        It protects you from negative energy.
   Will:      It increases your willpower.
 G - a +5 ring of evasion
 O - the ring of the Powerful Banana {Fly Int+5}
   (You took it off a guardian mummy on level 3 of the Crypt)

   [ring of flight]

   Int:       It affects your intelligence (+5).
   Fly:       It grants you flight.
 P - the ring "Qaahoh" (right hand) {rPois rN+ Will+ EV+5}
   (You acquired it on level 5 of the Pits of Slime)

   [ring of evasion]

   EV:        It affects your evasion (+5).
   rPois:     It protects you from poison.
   rN:        It protects you from negative energy.
   Will:      It increases your willpower.
Wands
 h - a wand of mindburst (36)
 q - a wand of paralysis (8)
 A - a wand of light (9)
 M - a wand of digging (19)
Scrolls
 a - a scroll of fear
 f - 8 scrolls of poison
 p - 7 scrolls of silence
 B - 3 scrolls of enchant weapon
 D - 2 scrolls of magic mapping
 E - 9 scrolls of teleportation
 H - 5 scrolls of blinking
 I - 10 scrolls of fog
 V - 4 scrolls of butterflies
Potions
 c - 3 potions of haste
 l - 7 potions of brilliance
 o - 5 potions of might
 u - 5 potions of ambrosia
 x - 2 potions of magic
 y - 3 potions of invisibility
 K - 4 potions of berserk rage
 Q - 20 potions of curing
 W - 4 potions of resistance
Miscellaneous
 j - a phial of floods
 t - a phantom mirror
 N - a box of beasts
 R - a lightning rod (4/4)
 S - a condenser vane (inert)
 X - a tin of tremorstones (1/2)


   Skills:
 - Level 15.0 Fighting
 - Level 12.0 Short Blades
 - Level 11.9 Ranged Weapons
 - Level 10.4 Throwing
 - Level 8.0 Armour
 - Level 8.0 Dodging
 - Level 15.0 Stealth
 - Level 8.0 Shields
 - Level 15.0 Spellcasting
 - Level 15.0 Conjurations
 - Level 12.8 Hexes
 - Level 19.7 Necromancy
 - Level 8.0 Translocations
 - Level 10.0 Air Magic
 - Level 18.1 Earth Magic
 - Level 8.1 Poison Magic
 - Level 12.8 Invocations
 + Level 9.7 Evocations


You had 2 spell levels left.
You knew the following spells:

 Your Spells              Type           Power      Damage    Failure   Level
a - Confusing Touch       Hex            63%        N/A       1%          3
b - Kiss of Death         Conj/Necr      100%       2d13      0%          1
c - Vampiric Draining     Necr           78%        2d11      0%          3
d - Animate Dead          Necr           78%        N/A       1%          4
e - Blink                 Tloc           98%        N/A       1%          2
f - Dispel Undead         Necr           78%        3d26      1%          4
g - Swiftness             Air            55%        N/A       1%          3
h - Mephitic Cloud        Conj/Pois/Air  58%        N/A       1%          3
i - Iskenderun's Mystic   Conj/Tloc      59%        2d12      1%          4
j - Borgnjor's Vile Clut  Necr/Erth      38%        N/A       1%          5
k - Lee's Rapid Deconstr  Erth           37%        3d19*     1%          5
l - Death Channel         Necr           39%        N/A       1%          6
m - Iron Shot             Conj/Erth      35%        9d7       1%          6
n - Arcjolt               Conj/Air       31%        1d41      1%          5

Your spell library contained the following spells:

 Spells                   Type           Power      Damage    Failure   Level
 Magic Dart               Conj           100%       1d8       0%          1
 Necrotise                Necr           100%       1d9       0%          1
 Sandblast                Erth           100%       2d20      0%          1
 Sublimation of Blood     Necr           78%        N/A       0%          2
 Apportation              Tloc           98%        N/A       1%          1
 Foxfire                  Conj/Fire      100%       2x1d9     1%          1
 Cigotuvi's Dreadful Rot  Necr/Pois/Air  100%       N/A       1%          2
 Ensorcelled Hibernation  Hex/Ice        84%        N/A       1%          2
 Momentum Strike          Conj/Tloc      100%       3d10      1%          2
 Passwall                 Tmut/Erth      43%        N/A       1%          2
 Poisonous Vapours        Pois/Air       100%       N/A       1%          2
 Static Discharge         Conj/Air       100%       2-7/arc   1%          2
 Freeze                   Ice            60%        1d7       7%          1
 Summon Small Mammal      Summ           60%        N/A       7%          1
 Call Imp                 Summ           15%        N/A       11%         2
 Dazzling Flash           Conj/Hex       100%       N/A       1%          3
 Gell's Gravitas          Tloc           49%        N/A       1%          3
 Hailstorm                Conj/Ice       47%        3d11      1%          3
 Inner Flame              Hex/Fire       42%        N/A       1%          3
 Kindle Blastsparks       Fire/Tloc/Air  80%        2d16      1%          3
 Lesser Beckoning         Tloc           98%        N/A       1%          3
 Portal Projectile        Hex/Tloc       100%       N/A       1%          3
 Stone Arrow              Conj/Erth      100%       3d13      1%          3
 Summon Guardian Golem    Hex/Summ       42%        N/A       1%          3
 Teleport Other           Tloc           49%        N/A       1%          3
 Tukima's Dance           Hex            63%        N/A       1%          3
 Vhi's Electric Charge    Tloc/Air       100%       N/A       1%          3
 Airstrike                Air            27%        2d(4-20)  1%          4
 Animate Armour           Summ/Erth      100%       N/A       1%          4
 Cause Fear               Hex            31%        N/A       1%          4
 Fulminant Prism          Conj/Hex       32%        3d16      1%          4
 Leda's Liquefaction      Hex/Erth       34%        N/A       1%          4
 Petrify                  Tmut/Erth      52%        N/A       1%          4
 Agony                    Necr           78%        N/A       1%          5
 Iskenderun's Battlesphe  Conj           68%        2d12      1%          5
 Olgreb's Toxic Radiance  Pois           49%        N/A       2%          4
 Passage of Golubria      Tloc           49%        N/A       2%          4
 Flame Wave               Conj/Fire      47%        2d12      3%          4
 Sticky Flame             Conj/Fire      47%        2d6       3%          4
 Conjure Ball Lightning   Conj/Air       31%        3x3d10    6%          6
 Ignite Poison            Fire/Tmut/Pois 27%        N/A       7%          3
 Freezing Cloud           Conj/Ice/Air   25%        6-21      7%          5
 Irradiate                Conj/Tmut      23%        3d19      9%          5
 Metabolic Englaciation   Hex/Ice        21%        N/A       14%         5
 Summon Mana Viper        Hex/Summ       42%        N/A       14%         5
 Yara's Violent Unravell  Hex/Tmut       21%        3d10      14%         5
 Simulacrum               Ice/Necr       27%        N/A       19%         6
 Call Canine Familiar     Summ           15%        N/A       22%         3
 Frozen Ramparts          Ice            30%        1d5       22%         3
 Ozocubu's Armour         Ice            15%        N/A       22%         3
 Statue Form              Tmut/Erth      34%        N/A       26%         6
 Enfeeble                 Hex            31%        N/A       30%         7
 Alistair's Intoxication  Tmut/Pois      21%        N/A       36%         5
 Summon Forest            Summ/Tloc      16%        N/A       36%         5
 Dispersal                Tloc           24%        N/A       38%         6
 Starburst                Conj/Fire      23%        6d8       45%         6
 Lehudib's Crystal Spear  Conj/Erth      35%        10d9      45%         8
 Ice Form                 Ice/Tmut       15%        N/A       56%         4
 Summon Ice Beast         Ice/Summ       15%        N/A       56%         4
 Haunt                    Necr/Summ      27%        N/A       71%         7
 Blade Hands              Tmut           7%         N/A       89%         5
 Discord                  Hex            31%        N/A       94%         8
 Spellforged Servitor     Conj/Summ      23%        N/A       95%         7
 Summon Cactus Giant      Summ           7%         N/A       100%        6
 Dragon Form              Tmut           7%         N/A       100%        7
 Malign Gateway           Summ/Tloc      16%        N/A       100%        7
 Monstrous Menagerie      Summ           7%         N/A       100%        7
 Ozocubu's Refrigeration  Ice            7%         4d9       100%        7
 Disjunction              Tloc           24%        N/A       100%        8
 Ignition                 Fire           7%         3d5       100%        8
 Maxwell's Capacitive Co  Air            27%        ∞         100%        8
 Necromutation            Tmut/Necr      27%        N/A       100%        8
 Polar Vortex             Ice            7%         N/A       100%        9


Dungeon Overview and Level Annotations

Branches:
Dungeon (15/15)            Temple (0/1) D:6            Lair (5/5) D:11
  Swamp (4/4) Lair:3        Snake (4/4) Lair:2        Slime (5/5) Lair:4
    Orc (2/2) D:10            Elf (3/3) Orc:2        Vaults (5/5) D:13
  Crypt (3/3) Vaults:3       Tomb (0/3) Crypt:3      Depths (4/4) D:15
    Zot (4/5) Depths:4      Sewer (visited)          Bailey (visited)
Desolation (visited)      Gauntlet (visited)

Altars:
Cheibriados
Dithmenos
Hepliaklqana
Kikubaaqudgha
Okawaru
Qazlal
Uskayaw
Vehumet
Xom
Yredelemnul
The Shining One
Jiyva

Shops:
D:10 ((*[(   Orc:2 :([([   Elf:1 *   Elf:2 (!???   Snake:1 *   Snake:3 *
Snake:4 *   Vaults:1 (   Vaults:3 [   Vaults:4 [   Depths:4 *:?[

Portals:
Hell: Depths:1 Depths:2 Depths:3 Depths:4
Abyss: Depths:2 Depths:3 Depths:4
Pandemonium: Depths:1 Depths:2 Depths:4

Annotations:
D:4 exclusion: ogre
D:7 exclusion: hornet
D:8 exclusion: orange demon
D:11 2 transporters
Lair:5 1 exclusion
Elf:2 3 runed translucent doors
Crypt:1 2 transporters, exclusion: orange crystal statue, Zivuv's ghost, veteran FoFi
Zot:2 4 transporters


Innate Abilities, Weirdness & Mutations

You have razor-sharp teeth.
Your natural rate of healing is unusually fast.
When hurt, damage is shared between your health and your magic reserves.
Your bite disrupts and absorbs the magic of your enemies.
Potions cannot restore your health.
Your magical capacity is low. (-10% MP)


Message History

The golden dragon skeleton is engulfed in freezing vapours.
The bennu is engulfed in freezing vapours.
Throw: 5 javelins (silver)
Press: ? - help, Shift-Dir - straight line, f/p - royal mummy
Aim: a royal mummy (freezing vapour, heavily damaged, paralysed, sharing its pain, 98% to hit)
You throw a silver javelin.
The silver javelin pierces through the royal mummy!!
The royal mummy is severely damaged.
You are engulfed in dark miasma.
You are lethally poisoned!
* * * LOW HITPOINT WARNING * * *
x2 You feel extremely sick.
The bennu is no longer paralysed.
The storm dragon skeleton is no longer paralysed.
The golden dragon skeleton is no longer paralysed.
The royal mummy is engulfed in freezing vapours.
The storm dragon skeleton is engulfed in freezing vapours.
The bennu is engulfed in freezing vapours.
The bennu pecks you but does no damage. The bennu claws you!
* * * LOW HITPOINT WARNING * * *
You block the bennu's attack.
The ushabti is engulfed in freezing vapours.
The golden dragon skeleton is engulfed in freezing vapours.
The storm dragon skeleton is engulfed in freezing vapours.
You block the storm dragon skeleton's attack.
The storm dragon skeleton claws you but does no damage.
The storm dragon skeleton tramples you but does no damage.
The bennu closely misses you. The bennu claws you but does no damage.
The bennu barely misses you.
You can now merge with and destroy a victim.
Blink to where?
Press: ? - help, Dir - move target, p - royal mummy
Okay, then.
Okay, then.
Okay, then.
Okay, then.
Blink to where?
Press: ? - help, Dir - move target, p - royal mummy
As you read the scroll of blinking, it crumbles to dust.
You die...

▓▓§§§§.........▓▓
▓▓§§§9§..........▓▓
▓▓§§§§§§...........▓▓
▓§§§§Z°...........∩.▓
▓▓§M§ZbZ...........▓▓
▓▓§§§§...........▓▓
▓▓§§§..........▓▓
▓▓§§.........▓▓
▓▓°......@.▓▓
▓▓▓▓▓▓▓▓▓▓▓


You could see a bennu (pain bonded), an ushabti (paralysed, pain bonded) and a
spark wasp zombie (paralysed, pain bonded).

Vanquished Creatures
  the Royal Jelly (Slime:5)
  2 pandemonium lords (Zig:9)
  An orb of fire (Zot:4)
  An ancient lich (Vaults:5)
  2 juggernauts (Depths:2)
  A royal mummy (Crypt:3)
  4 Killer Klowns
  Vashnia (Snake:3)
  A curse toe (Zot:4)
  A caustic shrike (Depths:2)
  4 golden dragons
  Jory (Crypt:1)
  3 bone dragons
  3 doom hounds (Zot:2)
  16 tentacled monstrosities
  3 liches
  2 deep elf blademasters (Elf:3)
  9 quicksilver dragons
  Asterion (Vaults:1)
  Grunn (Zot:2)
  8 titans
  7 acid blobs
  A walking divine tome (Depths:4)
  2 deep elf master archers (Elf:3)
  6 sphinxes
  Kirke (D:14)
  Frances (Elf:1)
  5 death cobs
  8 tengu reavers
  Gastronok (Lair:3)
  3 ancient champions (Crypt:3)
  3 tentacled starspawn
  13 storm dragons
  11 shadow dragons
  Roxanne (D:14)
  4 revenants
  A daeva (Zig:7)
  2 rockslimes
  3 draconian knights
  15 nagarajas
  A fenstrider witch (Swamp:3)
  5 deep elf sorcerers
  6 azure jellies
  6 draconian monks
  3 iron dragons
  A cacodemon (Abyss:3)
  16 vault wardens
  13 frost giants
  11 fire giants
  3 imperial myrmidons (Desolation)
  A frost giant (shapeshifter) (Zig:9)
  2 ghost moths (Zot:4)
  3 draconian shifters
  8 draconian scorchers
  A spectral juggernaut (Depths:1)
  7 draconian annihilators
  Louise (Depths:3)
  6 ghouls
  3 deep elf elementalists (Elf:3)
  17 ironbound preservers
  A curse skull (Crypt:1)
  An orc warlord (Orc:1)
  2 draconian stormcallers
  Aizul (Snake:1)
  A reaper (Zot:2)
  2 quicksilver oozes (Slime:5)
  An ophan (Zig:7)
  16 very ugly things
  A quicksilver ooze (shapeshifter) (Vaults:5)
  6 war gargoyles
  15 stone giants
  4 green draconians
  4 ironbound thunderhulks
  4 black draconians
  8 eleionomae
  Nessos (D:13)
  A bennu (Zig:10)
  7 vampire knights
  7 white draconians
  8 deep elf demonologists (Elf:3)
  9 red draconians
  A halazid warlock (Desolation)
  7 deep elf annihilators
  5 purple draconians
  The ghost of billz999 the Carver, a journeyman DjIE of Makhleb (Lair:3)
  9 yellow draconians
  3 bunyips
  12 dire elephants
  Azrael (D:15)
  8 deep elf death magi
  6 spark wasps
  2 merfolk javelineers (Zig:8)
  2 eidola
  A minotaur (Gauntlet)
  6 jiangshi
  9 ettins
  5 crystal guardians
  Snorg (D:13)
  2 blizzard demons
  5 great orbs of eyes
  Josephine (D:15)
  6 fire dragons
  6 mummy priests (Crypt:3)
  An entropy weaver (Vaults:4)
  9 ragged hierophants (Desolation)
  4 deep elf high priests
  4 ice dragons
  14 hydras
  A hell beast (Depths:1)
  An ice dragon (shapeshifter) (Vaults:3)
  35 vault guards
  3 salamander tyrants
  14 yaktaur captains
  7 rakshasas
  12 servants of whispers (Desolation)
  An Orb Guardian zombie (Crypt:3)
  11 peacekeepers
  3 spriggan air magi
  9 ironbound frosthearts
  3 death knights
  3 ghost crabs
  6 catoblepae
  15 centaur warriors
  A juggernaut simulacrum (Crypt:2)
  3 ogre magi
  13 naga warriors
  11 boulder beetles
  An alligator snapping turtle (Zig:8)
  6 two-headed ogres
  11 alligators
  27 dancing weapons
  8 anacondas
  A spriggan skeleton (Zig:10)
  A death scarab (Zig:10)
  6 deep troll earth magi
  5 death yaks (Lair:5)
  8 tengu warriors
  18 naga sharpshooters
  7 spriggan berserkers
  3 thrashing horrors
  5 deep troll shamans
  7 vampire magi
  2 orc high priests
  11 shock serpents
  5 hell knights
  Sonja (Orc:1)
  16 deep elf knights
  Amaemon (D:8)
  6 wretched stars
  5 iron trolls
  7 salamander mystics
  2 soul eaters
  2 fire crabs (shapeshifter)
  18 skeletal warriors
  5 sixfirhies
  A spark wasp zombie (Depths:4)
  5 goliath frogs
  An anaconda zombie (Crypt:2)
  A titan skeleton (Crypt:2)
  3 glowing orange brains
  A bunyip zombie (Crypt:2)
  2 goliath frogs (shapeshifter)
  A sea snake (Zig:8)
  A shadow wraith (Abyss:2)
  12 deep elf archers
  A flayed ghost (Crypt:3)
  2 spriggan riders (Swamp:1)
  8 swamp dragons
  60 deep trolls
  A swamp dragon (shapeshifter) (Vaults:5)
  11 starcursed masses
  2 obsidian statues (Zig:6)
  13 phantasmal warriors
  5 necromancers
  2 orange crystal statues (Zig:6)
  3 spectral hydras (Swamp:4)
  An iron giant skeleton (Crypt:3)
  2 spriggan druids
  A death drake (Swamp:4)
  7 naga ritualists
  6 wizards
  27 ironbound convokers
  21 deep elf zephyrmancers
  10 lindwurms
  14 bog bodies
  Pikel (D:5)
  15 orc knights
  28 deep elf pyromancers
  2 oklob plants (D:11)
  A mana viper (shapeshifter) (Depths:2)
  A golden dragon skeleton (Crypt:2)
  A wolf spider (shapeshifter) (D:14)
  37 ugly things
  5 cyclopes
  A wolf spider zombie (D:11)
  13 mana vipers
  2 orc sorcerers
  3 shining eyes
  A manticore (shapeshifter) (Vaults:3)
  A shining eye (shapeshifter) (Vaults:5)
  5 manticores
  20 elephants
  2 goliath frog skeletons
  A faun (shapeshifter) (D:14)
  18 moths of wrath
  6 will-o-the-wisps
  12 large abominations
  2 moths of wrath (shapeshifter)
  A worldbinder (Abyss:3)
  An elephant (shapeshifter) (D:15)
  A cyclops (shapeshifter) (Zig:9)
  10 salamanders
  23 naga magi
  Maurice (D:11)
  5 smoke demons
  37 black mambas
  2 centaur zombies (D:11)
  6 guardian serpents
  2 rust devils
  A dire elephant zombie (Crypt:2)
  A jorogumo skeleton (Crypt:1)
  4 eyes of devastation
  3 centaur skeletons (D:11)
  7 cane toads
  A torpor snail (Lair:5)
  4 molten gargoyles (Desolation)
  20 vault sentinels
  3 orange demons
  3 water nymphs (Zig:8)
  A pale draconian zombie (Crypt:3)
  An apocalypse crab (Zig:9)
  A yaktaur zombie (Vaults:3)
  2 gargoyles
  An unseen horror (Abyss:3)
  5 efreet
  2 kobold demonologists (D:9)
  43 yaktaurs
  8 komodo dragons
  4 freezing wraiths
  5 tengu conjurers
  A hellion (Abyss:2)
  2 rime drakes
  A tormentor (Zot:2)
  6 ice devils
  41 guardian mummies
  A redback zombie (Vaults:4)
  3 hellwings
  3 hydra zombies (Swamp:4)
  5 trolls
  5 ancient zymes
  2 polar bears
  A harpy zombie (Abyss:2)
  A queen bee (Gauntlet)
  A mana viper zombie (Crypt:3)
  7 swamp worm zombies (Swamp:4)
  A meliai (shapeshifter) (Vaults:5)
  3 bloated husks
  9 merfolk (Zig:8)
  A tarantella (shapeshifter) (Zig:9)
  A harpy skeleton (Crypt:2)
  A wind drake (Zig:8)
  11 hornets
  11 tyrant leeches
  16 blink frogs
  59 saltlings (Desolation)
  Prince Ribbit (D:5)
  A boulder beetle zombie (Crypt:2)
  A snapping turtle (Zig:8)
  An alligator zombie (Swamp:4)
  7 dream sheep (Lair:5)
  11 raiju
  40 slime creatures
  2 dream sheep (shapeshifter)
  2 spectral swamp dragons (Swamp:4)
  A centaur simulacrum (D:14)
  45 yaks
  Sigmund (D:5)
  A satyr skeleton (Crypt:1)
  2 ynoxinuls (Abyss:3)
  19 flying skulls
  A jumping spider (Vaults:5)
  8 ushabtiu
  5 water elementals
  A black mamba zombie (Crypt:2)
  9 spriggans
  4 shadows
  2 air elementals
  A culicivora (Vaults:5)
  A spriggan (shapeshifter) (D:13)
  8 wyverns
  A fire dragon skeleton (Crypt:1)
  A slime creature zombie (Crypt:3)
  8 wraiths
  An unseen horror simulacrum (D:10)
  5 fire elementals
  A human (Vaults:1)
  2 chaos spawn
  5 redbacks
  2 golden eyes (Slime:5)
  4 hogs (D:14)
  A basilisk (Lair:2)
  3 steam dragons
  3 neqoxecs
  A naga zombie (Abyss:3)
  A water nymph zombie (Crypt:1)
  12 vampire mosquitoes
  12 swamp worms
  11 small abominations
  8 wargs
  3 acid dragons
  41 nagas
  A floating eye (Slime:5)
  A hell hound (D:15)
  16 water moccasins
  A demonspawn skeleton (Crypt:1)
  2 swamp drakes
  3 ice beasts
  49 orc warriors
  2 swamp dragon zombies (Swamp:4)
  A sky beast (Abyss:3)
  3 black bears
  A dream sheep zombie (Crypt:3)
  9 ogres
  10 centaurs
  2 boggarts (Vaults:3)
  11 wolves
  3 lemures (D:5)
  6 phantoms
  11 bullfrogs
  4 kobold brigands
  8 necrophages
  2 earth elementals (Elf:1)
  A scorpion (D:5)
  9 wights
  A queen bee zombie (Crypt:3)
  4 troll zombies
  15 killer bees
  4 howler monkeys
  A troll skeleton (Swamp:4)
  3 electric eels
  2 crimson imps (Abyss:3)
  2 jellies
  A quasit (Abyss:3)
  2 gnoll boudas
  11 orc priests
  3 iguanas
  An iron imp (Abyss:3)
  A boggart zombie (D:11)
  22 orc wizards
  2 spectral swamp drakes (Swamp:4)
  4 ogre zombies
  A boggart simulacrum (D:15)
  19 mummies
  A howler monkey skeleton (Crypt:2)
  13 adders
  9 gnolls
  A swamp drake zombie (Swamp:4)
  3 shadow imps
  9 white imps
  7 ufetubi
  An adder skeleton (Crypt:2)
  A worm (D:4)
  2 dart slugs
  87 orcs
  16 ball pythons
  A bat (D:2)
  9 endoplasms
  9 giant cockroaches
  7 goblins
  8 hobgoblins
  7 jackals
  13 quokkas
  A river rat zombie (Crypt:3)
  7 frilled lizards
  A gnoll skeleton (Crypt:1)
  A goblin skeleton (D:10)
  2 goblin zombies (D:10)
  3 hobgoblin zombies (D:10)
  24 kobolds
  2 orc skeletons (D:10)
  11 orc zombies (D:10)
  2 rats (D:1)
  A spectral kobold (D:3)
  A lurking horror (Abyss:3)
  A starspawn tentacle (Abyss:2)
2468 creatures vanquished.

Vanquished Creatures (collateral kills)
  2 tentacled monstrosities (Vaults:5)
  Mlioglotl (Swamp:1)
  4 acid blobs
  A titan (Vaults:5)
  A sphinx (Vaults:5)
  A tengu reaver (Depths:4)
  3 nagarajas
  5 vault wardens
  An orc warlord (Vaults:3)
  An ironbound preserver (Vaults:3)
  2 quicksilver oozes (Slime:5)
  A very ugly thing (Depths:3)
  An eleionoma (Swamp:1)
  4 ironbound thunderhulks
  A deep elf demonologist (Vaults:5)
  A bunyip (Swamp:1)
  A spark wasp (Depths:3)
  An ettin (Vaults:3)
  A fire dragon (Depths:3)
  A deep elf high priest (Vaults:5)
  4 yaktaur captains
  3 vault guards (Vaults:5)
  2 salamander tyrants
  2 hydras
  A boulder beetle (Vaults:1)
  An alligator (Swamp:1)
  2 naga warriors (Snake:4)
  2 naga sharpshooters
  A hell knight (Vaults:5)
  4 deep trolls
  3 naga ritualists
  A spriggan rider (Swamp:1)
  2 bog bodies (Swamp:1)
  An ironbound convoker (Vaults:2)
  A deep elf pyromancer (Elf:3)
  A wizard (Vaults:4)
  2 lindwurms (Vaults:1)
  A mana viper (Snake:4)
  A will-o-the-wisp (Swamp:1)
  3 ugly things
  2 elephants
  A salamander (Snake:3)
  A vault sentinel (Vaults:3)
  A smoke demon (Abyss:3)
  Maggie (D:8)
  A freezing wraith (Vaults:5)
  An elf (Vaults:1)
  2 yaktaurs
  A hydra zombie (Swamp:4)
  A hornet (Swamp:1)
  8 slime creatures
  A wind drake (shapeshifter) (D:13)
  An air elemental (Elf:3)
  2 spriggans
  An elf zombie (Elf:3)
  A yak (Lair:5)
  2 redbacks
  A vampire mosquito (Swamp:1)
  A swamp drake (Swamp:1)
  An orc warrior (D:6)
  A swamp dragon zombie (Swamp:4)
  A boggart (Vaults:3)
  2 phantoms
  2 kobold brigands (Bailey)
  2 orc priests
  An orc wizard (D:4)
  A gnoll (D:5)
  A river rat (D:6)
  A shadow imp (D:8)
  2 worms
  8 orcs
  2 ball pythons (D:6)
  A kobold (Bailey)
128 creatures vanquished.

Vanquished Creatures (others)
  A green draconian (Zot:2)
  An acid blob zombie (Slime:5)
  A quicksilver ooze zombie (Slime:5)
  A spark wasp zombie (Depths:4)
  A sphinx zombie (Vaults:5)
  A tengu zombie (Vaults:5)
  A fire giant zombie (Vaults:5)
  2 frost giant zombies
  An eleionoma zombie (Swamp:4)
  An ugly thing (D:14)
  5 naga zombies (Snake:3)
  A stone giant zombie (Depths:4)
  A minotaur zombie (Vaults:1)
  7 centaur zombies
  16 human zombies
  An iron troll zombie (Depths:3)
  3 redback zombies
  A mana viper zombie (Snake:4)
  2 hydra zombies (Swamp:1)
  2 bloated husks (Swamp:4)
  A wolf spider simulacrum (D:14)
  A saltling (Desolation)
  A jumping spider zombie (Vaults:5)
  An alligator zombie (Swamp:1)
  A culicivora zombie (Vaults:5)
  A blink frog (Abyss:3)
  An ushabti (Crypt:3)
  A golden eye (Abyss:3)
  A salamander zombie (Snake:3)
  7 deep troll zombies
  A swamp drake (Swamp:3)
  2 swamp dragon zombies
  2 hornet zombies (Swamp:4)
  7 elf zombies
  2 vampire mosquito zombies (Swamp:1)
  4 phantoms (Swamp:4)
  14 yaktaur zombies
  6 spriggan zombies
  4 orc zombies (Vaults:5)
  3 bushes (Lair:5)
  4 demonic plants (Gauntlet)
  10 foxfires
  21 fungi
  A lurking horror (Abyss:3)
  26 plants
  7 starspawn tentacles
  A withered plant (Gauntlet)
181 creatures vanquished.

Grand Total: 2777 creatures vanquished

Notes
Turn   | Place    | Note
-------+----------+-------------------------------------------
     0 | D:1      | Zonian the Vine Stalker Brigand began the quest for the
                  | Orb.
     0 | D:1      | Reached XP level 1. HP: 11/11 MP: 2/2
   361 | D:1      | Reached skill level 1 in Dodging
   361 | D:1      | Reached XP level 2. HP: 10/15 MP: 3/3
   365 | D:1      | Reached skill level 5 in Stealth
  1298 | D:2      | Reached XP level 3. HP: 18/18 MP: 4/4
  1941 | D:2      | Found the +2 ratskin cloak {*Rats rPois rN+ Str-1 Int-1
                  | Dex+1}
  2673 | D:3      | Found a faded altar of an unknown god.
  2747 | D:3      | Gained mutation: Your natural rate of healing is unusually
                  | fast. [Vine Stalker growth]
  2747 | D:3      | Reached XP level 4. HP: 23/23 MP: 5/5
  3136 | D:4      | Noticed an ogre
  3519 | D:4      | Noticed a phantom
  3539 | D:4      | Killed a phantom
  3540 | D:4      | Reached XP level 5. HP: 25/27 MP: 6/6
  3573 | D:4      | Reached XP level 6. HP: 29/32 MP: 7/7
  4822 | D:5      | Entered Level 5 of the Dungeon
  4878 | D:5      | Noticed Sigmund
  4889 | D:5      | Killed Sigmund
  4890 | D:5      | Reached XP level 7. HP: 36/36 MP: 8/8
  5087 | D:5      | Noticed Pikel
  5519 | D:5      | Killed Pikel
  5520 | D:5      | Gained mutation: You have razor-sharp teeth. [Vine Stalker
                  | growth]
  5520 | D:5      | Reached XP level 8. HP: 26/42 MP: 4/9
  5633 | D:5      | Noticed Prince Ribbit
  5643 | D:5      | Killed Prince Ribbit
  5644 | D:5      | Reached skill level 5 in Fighting
  5644 | D:5      | Reached skill level 5 in Short Blades
  6508 | D:6      | Reached XP level 9. HP: 35/47 MP: 8/10
  6551 | D:6      | Found a glowing drain.
  6572 | Sewer    | Entered a sewer
  6963 | D:6      | Learned a level 3 spell: Confusing Touch
  7548 | D:7      | Found a flagged portal.
  7565 | Bailey   | Entered a bailey
  7889 | Bailey   | Found an iron altar of Okawaru.
  7913 | Bailey   | Identified the +9 quarterstaff of Laothruh {freeze, rC-
                  | Int+4 SInv}
  8377 | D:7      | Found a hide-covered altar of Uskayaw.
  8385 | D:7      | Became a worshipper of Uskayaw the Reveller
  8412 | D:7      | Reached * piety under Uskayaw
  8425 | D:7      | Reached ** piety under Uskayaw
  8504 | D:7      | Noticed a hornet
  8598 | D:6      | Reached XP level 10. HP: 55/55 MP: 11/11
  8665 | D:6      | Reached *** piety under Uskayaw
  8668 | D:6      | Reached **** piety under Uskayaw
  8783 | D:6      | Found a staircase to the Ecumenical Temple.
  8941 | D:7      | Reached skill level 5 in Throwing
  9202 | D:8      | Noticed Maggie
  9211 | D:8      | Reached ***** piety under Uskayaw
  9228 | D:8      | Killed Maggie
  9657 | D:8      | Noticed an orange demon
  9861 | D:8      | Noticed Amaemon
 10621 | D:9      | Noticed a kobold demonologist
 10625 | D:9      | Noticed a kobold demonologist
 10626 | D:9      | Noticed a rust devil
 10632 | D:9      | Noticed a rust devil
 10642 | D:9      | Killed a kobold demonologist
 10643 | D:9      | Reached XP level 11. HP: 60/62 MP: 10/12
 11050 | D:9      | Found an iron altar of Okawaru.
 11059 | D:9      | Found a glowing golden altar of the Shining One.
 11121 | D:10     | Entered Level 10 of the Dungeon
 11121 | D:10     | Found Nakoq's Assorted Antiques.
 11448 | D:10     | Found Mihu's Antique Weapon Boutique.
 11706 | D:10     | Bought a runed rapier for 231 gold pieces
 11800 | D:10     | Found a staircase to the Orcish Mines.
 11846 | D:10     | Reached ****** piety under Uskayaw
 12061 | D:10     | Found Folet's Weapon Emporium.
 12070 | D:10     | Bought 3 atropa-tipped darts for 27 gold pieces
 12111 | D:10     | Reached skill level 10 in Fighting
 12114 | D:10     | Reached skill level 10 in Short Blades
 12148 | D:10     | Bought a scroll of fog for 136 gold pieces
 12148 | D:10     | Bought a fuming sapphire potion for 30 gold pieces
 12239 | D:10     | Found Rohoh's Armour Emporium.
 12381 | D:10     | Reached skill level 1 in Invocations
 12508 | D:10     | Found Koikk's Antique Weapon Shop.
 12525 | D:10     | Reached skill level 1 in Armour
 12715 | D:11     | Noticed Maurice
 12730 | D:11     | Killed Maurice
 13183 | D:11     | Noticed a two-headed ogre
 13526 | D:11     | You fall into a shaft and drop 1 floor!
 13574 | D:11     | Noticed a brown ugly thing
 13602 | D:11     | Reached skill level 5 in Invocations
 13602 | D:11     | Reached XP level 12. HP: 67/67 MP: 16/16
 13606 | D:11     | Killed a two-headed ogre
 13923 | D:11     | Found a staircase to the Lair.
 13986 | D:11     | Found a transporter.
 13992 | D:11     | Found a transporter.
 13992 | D:11     | Found a transporter.
 13992 | D:11     | Found a transporter.
 14502 | Lair:1   | Entered Level 1 of the Lair of Beasts
 14596 | Lair:1   | Noticed a boulder beetle
 14619 | Lair:1   | Killed a boulder beetle
 14721 | Lair:1   | Found the +7 Kryia's mail coat {PotionHeal*2 rC+}
 14920 | Lair:1   | Identified the +2 cloak "Qiplil" {rPois rF- rC+ Dex+3}
 15430 | Lair:2   | Found a basalt altar of Yredelemnul.
 15539 | Lair:2   | Noticed a four-headed hydra
 15547 | Lair:2   | Killed a four-headed hydra
 15548 | Lair:2   | Reached skill level 1 in Evocations
 15570 | Lair:2   | Found a staircase to the Snake Pit.
 15692 | Lair:2   | Reached XP level 13. HP: 74/75 MP: 18/20
 16149 | Lair:3   | Noticed Gastronok
 16610 | Lair:3   | Found a runed translucent gate.
 16611 | Lair:3   | Found a runed translucent gate.
 16625 | Lair:3   | Killed Gastronok
 16626 | Lair:3   | Reached skill level 5 in Evocations
 16626 | Lair:3   | Found a runed translucent gate.
 16663 | Lair:3   | Noticed billz999's ghost (journeyman DjIE)
 17084 | Lair:3   | Found a staircase to the Swamp.
 18285 | Lair:4   | Reached skill level 1 in Spellcasting
 18285 | Lair:4   | Reached skill level 1 in Hexes
 18311 | Lair:4   | Found a viscous altar of Jiyva.
 18311 | Lair:4   | Found a staircase to the Slime Pits.
 19556 | Lair:5   | Entered Level 5 of the Lair of Beasts
 19635 | Lair:5   | Reached skill level 5 in Spellcasting
 19635 | Lair:5   | Reached XP level 14. HP: 80/80 MP: 22/22
 19712 | Lair:5   | Reached skill level 1 in Shields
 19871 | Lair:5   | Learned a level 1 spell: Kiss of Death
 20181 | Lair:5   | Reached skill level 1 in Conjurations
 20181 | Lair:5   | Reached skill level 1 in Necromancy
 20720 | Lair:5   | Reached skill level 2 in Necromancy
 21290 | Lair:5   | Reached skill level 5 in Hexes
 21439 | Lair:5   | Reached skill level 3 in Necromancy
 22171 | D:12     | Identified the +7 ring mail of the Hall of Blades {Str+8
                  | SInv}
 22292 | D:12     | Found a shadowy altar of Dithmenos.
 23082 | D:13     | Noticed Snorg
 23085 | D:13     | Killed Snorg
 23143 | D:13     | Found a gate to the Vaults.
 23169 | D:13     | Reached skill level 4 in Necromancy
 23604 | D:13     | Noticed Nessos
 23699 | D:13     | Killed Nessos
 24522 | D:14     | Reached XP level 15. HP: 79/84 MP: 27/27
 24522 | D:14     | Noticed a fire giant
 25016 | D:14     | Noticed a tengu reaver
 25039 | D:14     | Noticed a fire giant
 25537 | D:14     | Killed a fire giant
 25964 | D:14     | Killed a fire giant
 25967 | D:14     | Reached skill level 5 in Necromancy
 26115 | D:14     | Noticed Roxanne
 26252 | D:14     | Killed a tengu reaver
 26548 | D:14     | Found a stormy altar of Qazlal.
 26548 | D:14     | Noticed Kirke
 26571 | D:14     | Killed Kirke
 26821 | D:14     | Reached skill level 6 in Necromancy
 26881 | D:15     | Entered Level 15 of the Dungeon
 26922 | D:15     | Noticed Azrael
 26960 | D:15     | Killed Azrael
 27141 | D:15     | Reached XP level 16. HP: 88/88 MP: 29/29
 27214 | D:15     | Found a hazy altar of Hepliaklqana.
 27275 | D:15     | Reached skill level 7 in Necromancy
 27284 | D:15     | Found a gate leading to a gauntlet.
 27306 | Gauntlet | Entered a Gauntlet
 27306 | Gauntlet | Found a transporter.
 27311 | Gauntlet | Found a transporter.
 27313 | Gauntlet | Found a transporter.
 27409 | Gauntlet | Found a transporter.
 27457 | Gauntlet | Found a transporter.
 27457 | Gauntlet | Found a transporter.
 27457 | Gauntlet | Found a transporter.
 27479 | Gauntlet | Found a runed translucent door.
 27488 | Gauntlet | Found a runed translucent door.
 27516 | Gauntlet | Found a transporter.
 27519 | Gauntlet | Found a transporter.
 27519 | Gauntlet | Found a transporter.
 27535 | Gauntlet | Reached skill level 10 in Hexes
 27543 | Gauntlet | Identified the +0 hat of Sophism {rN+ Dex+2}
 27706 | Gauntlet | Identified the amulet "Paqioss" {Reflect rF+ Str+3 SH+5}
 27726 | Gauntlet | Identified the ring of the Resonant God {+Blink Will+
                  | Dex+2}
 27881 | D:15     | Noticed Josephine
 27906 | D:15     | Killed Josephine
 28168 | D:15     | Found a staircase to the Depths.
 28412 | Orc:1    | Entered Level 1 of the Orcish Mines
 28425 | Orc:1    | Noticed Sonja
 28448 | Abyss:2  | Cast into level 2 of the Abyss (Sonja)
 28452 | Abyss:2  | Found a corrupted altar of Lugonu.
 28479 | Abyss:2  | Reached skill level 8 in Necromancy
 28517 | Abyss:2  | Found a corrupted altar of Lugonu.
 28566 | Abyss:2  | Found a corrupted altar of Lugonu.
 28735 | Abyss:2  | Noticed a profane servitor
 28840 | Abyss:2  | Noticed a dread lich
 28847 | Abyss:2  | Noticed a Hell Sentinel
 28866 | Abyss:2  | Noticed a lich
 28867 | Abyss:2  | Noticed a Hell Sentinel
 29050 | Abyss:2  | Noticed a tentacled starspawn
 29094 | Abyss:2  | Killed a tentacled starspawn
 29134 | Abyss:2  | Noticed a tentacled starspawn
 29276 | Abyss:2  | Noticed a tentacled starspawn
 29300 | Abyss:2  | Reached skill level 10 in Throwing
 29318 | Abyss:2  | Noticed a tentacled starspawn
 29321 | Orc:1    | Escaped the Abyss
 29335 | Orc:1    | Killed Sonja
 29586 | Orc:2    | Entered Level 2 of the Orcish Mines
 29586 | Orc:2    | Found a staircase to the Elven Halls.
 30049 | Orc:2    | Found Ankivat's Antique Weapon Shoppe.
 30049 | Orc:2    | Found Opogaer's Armour Boutique.
 30126 | Orc:2    | Found Qyuran's Armour Boutique.
 30164 | Orc:2    | Found Tolodimopo's Antique Weapon Shoppe.
 30428 | Orc:2    | Found Seqiviom's Book Boutique.
 31414 | Snake:1  | Entered Level 1 of the Snake Pit
 31449 | Snake:1  | Learned a level 3 spell: Vampiric Draining
 31583 | Snake:1  | Found Pateur's Neck Hole.
 31594 | Snake:1  | Bought the amulet of Vitality {RegenMP++ Regen++} for 1900
                  | gold pieces
 31594 | Snake:1  | Found the amulet of Vitality {RegenMP++ Regen++}
 31814 | Snake:1  | Reached XP level 17. HP: 86/93 MP: 28/30
 31996 | Snake:1  | You fall into a shaft and drop 1 floor!
 32003 | Snake:2  | Reached skill level 10 in Stealth
 32243 | Snake:1  | Noticed Aizul
 32250 | Snake:1  | Killed Aizul
 32273 | Snake:1  | Learned a level 4 spell: Animate Dead
 32348 | Snake:2  | Identified the +5 chain mail of Joy {Int+5}
 32616 | Snake:2  | Found a shimmering altar of Xom.
 32690 | Snake:2  | Reached skill level 9 in Necromancy
 32974 | Snake:2  | Identified the +0 ring mail "Taiff" {*Corrode Str+6 Stlth+}
 33298 | Snake:3  | Found a transporter.
 33322 | Snake:3  | Reached skill level 10 in Spellcasting
 33322 | Snake:3  | Reached skill level 10 in Necromancy
 33345 | Snake:3  | Found a radiant altar of Vehumet.
 33408 | Snake:3  | Noticed Vashnia
 33424 | Snake:3  | Killed Vashnia
 33635 | Snake:3  | Identified the +4 hand axe "Isuprips" {freeze, *Rage +Blink
                  | rN+ Dex+8}
 33669 | Snake:3  | Learned a level 2 spell: Blink
 33806 | Snake:3  | Found Qaukhley's Assorted Antiques.
 33835 | Snake:3  | Reached skill level 11 in Necromancy
 33842 | Snake:3  | Bought a scroll of blinking for 210 gold pieces
 33842 | Snake:3  | Bought a potion of haste for 280 gold pieces
 33960 | Snake:3  | Reached skill level 1 in Translocations
 33960 | Snake:3  | Reached XP level 18. HP: 98/98 MP: 34/34
 34219 | Snake:4  | Entered Level 4 of the Snake Pit
 34815 | Snake:4  | Reached skill level 12 in Necromancy
 34840 | Snake:4  | Got a serpentine rune of Zot
 35675 | Snake:4  | Identified the +0 robe "Voisor" {*Corrode rElec Int+9}
 35835 | Snake:4  | Found Ecesif's CLEARANCE SALE!.
 35844 | Snake:4  | Bought a scroll of magic mapping for 22 gold pieces
 36119 | Swamp:1  | Entered Level 1 of the Swamp
 36274 | Swamp:1  | Noticed Mlioglotl
 36307 | Swamp:1  | Killed Mlioglotl
 36315 | Swamp:1  | You fall into a shaft and drop 1 floor!
 36664 | Swamp:1  | Found a snail-covered altar of Cheibriados.
 36935 | Swamp:2  | Reached XP level 19. HP: 99/107 MP: 36/36
 37872 | Swamp:2  | Found the +8 orange crystal plate armour {Archmagi, Int+3
                  | Clar}
 38170 | Swamp:2  | Reached skill level 15 in Fighting
 38642 | Swamp:3  | Reached skill level 5 in Translocations
 38715 | Swamp:3  | Reached skill level 5 in Dodging
 39166 | Swamp:4  | Entered Level 4 of the Swamp
 39602 | Swamp:4  | Learned a level 4 spell: Dispel Undead
 40244 | Swamp:4  | Noticed a bone dragon
 40252 | Swamp:4  | Killed a bone dragon
 40260 | Swamp:4  | Got a decaying rune of Zot
 41272 | Elf:1    | Entered Level 1 of the Elven Halls
 41552 | Elf:1    | Got Qeptiev's Enchiridion on Concussion
 41667 | Elf:1    | Reached XP level 20. HP: 112/113 MP: 37/37
 41901 | Elf:1    | Noticed Frances
 41926 | Elf:1    | Killed Frances
 42388 | Elf:1    | Reached skill level 10 in Invocations
 42567 | Elf:1    | Found Vuomusa's Assorted Antiques.
 42890 | Elf:2    | Found Bimach's Distillery.
 42956 | Elf:2    | Found Bosiaby's Magic Scroll Emporium.
 42961 | Elf:2    | Found Goin's Magic Scroll Boutique.
 42966 | Elf:2    | Bought a scroll of fog for 40 gold pieces
 43377 | Elf:2    | Bought a scroll of teleportation for 39 gold pieces
 43377 | Elf:2    | Bought a scroll of teleportation for 39 gold pieces
 44078 | Elf:2    | Found Astyott's Antique Weapon Emporium.
 44086 | Elf:2    | Bought an iridescent long sword for 297 gold pieces
 44086 | Elf:2    | Identified the +6 long sword "Xoaryur" {heavy, rF+ rC+}
                  | (You bought it in a shop on level 2 of the Elven Halls)
 44112 | Elf:2    | Found a runed translucent gate.
 44112 | Elf:2    | Found a runed translucent gate.
 44117 | Elf:2    | Learned a level 3 spell: Swiftness
 44119 | Elf:2    | Found a runed translucent gate.
 44184 | Elf:2    | Found Fahof's Magic Scroll Shop.
 44187 | Elf:2    | Bought a scroll of teleportation for 33 gold pieces
 44187 | Elf:2    | Bought a scroll of blinking for 82 gold pieces
 44354 | Elf:3    | Entered Level 3 of the Elven Halls
 44406 | Elf:3    | Paralysed by an air elemental for 1 turns
 44409 | Elf:3    | Reached skill level 1 in Air Magic
 44423 | Elf:3    | Paralysed by an air elemental for 1 turns
 45958 | Elf:3    | Reached skill level 5 in Air Magic
 46296 | Elf:3    | Noticed a Tzitzimitl
 46768 | Elf:3    | Learned a level 3 spell: Mephitic Cloud
 46831 | Elf:3    | Identified the +8 spear of Beogh {speed, rF- rN+++ rCorr
                  | Int-5}
 46882 | Elf:3    | Reached skill level 1 in Poison Magic
 47103 | Abyss:3  | Cast into level 3 of the Abyss (a deep elf demonologist)
 47209 | Abyss:3  | Found a corrupted altar of Lugonu.
 47407 | Abyss:3  | Found a corrupted altar of Lugonu.
 47529 | Abyss:3  | Reached XP level 21. HP: 107/117 MP: 38/38
 47550 | Abyss:3  | Found a corrupted altar of Lugonu.
 47550 | Abyss:3  | Found a corrupted altar of Lugonu.
 47550 | Abyss:3  | Found a corrupted altar of Lugonu.
 47589 | Elf:3    | Escaped the Abyss
 48069 | Elf:3    | Identified the amulet "Rommes Kuxku" {RegenMP rN+ Str+2
                  | Dex-3 Stlth+}
 48089 | Elf:3    | Reached skill level 5 in Poison Magic
 48333 | Elf:3    | Identified the +5 ring mail of the Abyss {Contam rElec rF-
                  | rC+++}
 48746 | Elf:3    | Identified the ring "Odeuc" {+Blink rC- MP+9 Str+7}
 48973 | Elf:3    | Identified the ring of Wiala {*Slow rPois rN+ Will+ SInv}
 49471 | Vaults:1 | Entered Level 1 of the Vaults
 49616 | Vaults:1 | Noticed Asterion
 49629 | Vaults:1 | Killed Asterion
 49676 | Vaults:1 | Found Coicweaxti's Weapon Emporium.
 50012 | Vaults:1 | Your ally Asterion died
 50039 | Vaults:1 | Reached skill level 5 in Armour
 50066 | Vaults:1 | Reached skill level 5 in Conjurations
 51070 | Vaults:2 | Learned a level 4 spell: Iskenderun's Mystic Blast
 51174 | Abyss:3  | Cast into level 3 of the Abyss (a wizard)
 51299 | Abyss:3  | Found a corrupted altar of Lugonu.
 51475 | Abyss:3  | Found a corrupted altar of Lugonu.
 51493 | Abyss:3  | Reached XP level 22. HP: 122/122 MP: 39/39
 51495 | Abyss:3  | Found a corrupted altar of Lugonu.
 51511 | Abyss:3  | Paralysed by accursed screaming for 1 turns
 51683 | Vaults:2 | Escaped the Abyss
 52071 | Vaults:2 | Reached skill level 10 in Conjurations
 53007 | Vaults:3 | Reached skill level 5 in Shields
 53565 | Vaults:3 | Found a staircase to the Crypt.
 53633 | Vaults:3 | Found Codwust's Armour Boutique.
 53815 | Vaults:3 | Identified the +6 short sword "Vasko" {freeze, Drain rC+
                  | Str+5 Dex+2}
 54391 | Vaults:3 | Reached XP level 23. HP: 109/126 MP: 39/40
 55062 | Orc:2    | Learned a level 5 spell: Borgnjor's Vile Clutch
 55394 | Vaults:4 | Reached skill level 1 in Earth Magic
 55827 | Vaults:4 | Reached skill level 15 in Stealth
 55848 | Vaults:4 | Reached skill level 5 in Earth Magic
 55873 | Vaults:4 | Found Baoheiff's Antique Armour Boutique.
 55983 | Vaults:4 | Found a crumbling gateway.
 55990 | Desolati | Entered the Desolation of Salt
 56227 | Desolati | Identified the +10 battleaxe of Urgency {chaos, Will+
                  | Int+6}
 56229 | Desolati | Identified the +0 leather armour "Masinlusm" {Harm MP+9
                  | Dex-5 Slay+2}
 56615 | Desolati | Identified the amulet "Noewuog" {RegenMP rF- Will+ Str+5
                  | Int-4}
 56618 | Desolati | Identified the +10 hand axe of Eternal War {spect, rC+
                  | Str+6}
 56623 | Desolati | Identified the amulet of Knowledge {Regen+ Dex+3 SInv}
 56635 | Desolati | Found the +11 plutonium sword {Contam Stlth-}
 56741 | Desolati | Identified the +0 helmet of the Gate {rPois rF+ Int+2}
 56745 | Desolati | Got Fubluwn's Anthology of Damaging Spellbinding
 56749 | Desolati | Got the Codex of the Legion and Firn
 56756 | Desolati | Learned a level 5 spell: Lee's Rapid Deconstruction
 57025 | Desolati | Reached skill level 10 in Earth Magic
 58015 | D:8      | Killed Amaemon
 58178 | D:14     | Killed Roxanne
 58358 | Lair:3   | Killed billz999's ghost
 58807 | Snake:3  | Identified the amulet of the Demonic God {Acrobat rPois
                  | Str-4 Dex+3}
 58854 | Snake:3  | Found a transporter.
 59162 | Lair:1   | Learned a level 6 spell: Death Channel
 59304 | Elf:1    | Bought a wand of light (5) for 714 gold pieces
 59692 | Vaults:4 | Bought a pair of embroidered boots for 210 gold pieces
 60056 | Snake:3  | Bought a pair of embroidered boots for 210 gold pieces
 60427 | Vaults:5 | Entered Level 5 of the Vaults
 60448 | Vaults:5 | Noticed an ancient lich
 60449 | Vaults:5 | Killed an ancient lich
 60579 | Vaults:5 | Reached XP level 24. HP: 129/131 MP: 40/40
 60760 | Vaults:5 | Identified the +0 quarterstaff "Vidoddi" {pain, Will+++
                  | rCorr Int-3 Stlth+}
 61144 | Vaults:5 | Identified the +1 robe of Protective Custody {rC+ rCorr
                  | Int-4 SInv}
 61156 | Vaults:5 | Reached skill level 13 in Necromancy
 61209 | Vaults:5 | Found the +3 giant club "Skullcrusher" {speed, Str+7}
 61234 | Vaults:5 | Got a silver rune of Zot
 61324 | Vaults:5 | Identified the +10 hand axe "Vine Stalker's Curse" {flame,
                  | *Slow rC++}
 61324 | Vaults:5 | Identified the +4 chain mail of the Loofah {*Corrode rC++
                  | Int+2 Dex+4}
 61386 | Vaults:5 | Reached skill level 14 in Necromancy
 61985 | Vaults:5 | Reached skill level 15 in Necromancy
 62188 | Vaults:5 | Got Sophisticated Casting
 62267 | Vaults:5 | Reached skill level 16 in Necromancy
 62371 | Vaults:5 | Got the Handbook of Hurtful Weather
 63504 | Depths:1 | Entered Level 1 of the Depths
 63532 | Depths:1 | Identified the +2 robe "Zoapoeg" {rCorr}
 63590 | Depths:1 | You fall into a shaft and drop 1 floor!
 63597 | Depths:2 | Found a gateway to Hell.
 63667 | Depths:2 | Found a one-way gate to the infinite horrors of the Abyss.
 63674 | Depths:2 | Reached skill level 17 in Necromancy
 63767 | Depths:2 | Noticed a caustic shrike
 63768 | Depths:2 | Noticed a juggernaut
 63778 | Depths:2 | Killed a juggernaut
 63779 | Depths:2 | Reached XP level 25. HP: 120/135 MP: 40/40
 63810 | Depths:2 | Identified a scroll of acquirement
 63895 | Depths:2 | Acquired the +3 pair of seven-league boots {Rampage+∞}
 63895 | Depths:2 | Found the +3 pair of seven-league boots {Rampage+∞}
 63937 | Depths:2 | Identified the +8 plate armour of Elyvilon's Displeasure
                  | {Stlth+}
 63981 | Depths:2 | Noticed a juggernaut
 63993 | Depths:2 | Killed a juggernaut
 64004 | Depths:2 | Reached skill level 18 in Necromancy
 64677 | Depths:1 | Found a one-way gate leading to the halls of Pandemonium.
 64928 | Depths:1 | Found a basalt altar of Yredelemnul.
 65722 | Depths:3 | Found a one-way gateway to a ziggurat.
 65888 | Depths:3 | Noticed Louise
 65917 | Depths:3 | Killed Louise
 66299 | Depths:3 | Reached skill level 19 in Necromancy
 66354 | Depths:4 | Entered Level 4 of the Depths
 66453 | Depths:4 | Found Nietyn's Magic Scroll Shoppe.
 66462 | Depths:4 | Bought a scroll of fog for 92 gold pieces
 66818 | Depths:4 | Found Taucrieg's Book Emporium.
 66855 | Depths:4 | Found Xatzas's General Store.
 67708 | Depths:4 | Found a gate to the Realm of Zot.
 67913 | Depths:4 | Found Gedyerph's Antique Armour Emporium.
 67919 | Depths:4 | Bought a runed helmet for 165 gold pieces
 67938 | Depths:4 | Reached XP level 26. HP: 99/140 MP: 40/40
 68235 | Depths:4 | Upgraded the game from 0.30-a0-571-gdf30a72648 to
                  | 0.30-a0-576-g89cddaab80
 69062 | Elf:3    | Learned a level 6 spell: Iron Shot
 70186 | Elf:2    | Bought a scroll of enchant weapon for 82 gold pieces
 70186 | Elf:2    | Bought a scroll of enchant weapon for 82 gold pieces
 70214 | Elf:2    | Bought a scroll of enchant weapon for 97 gold pieces
 70792 | Vaults:3 | Reached skill level 1 in Ranged Weapons
 71148 | Crypt:1  | Entered Level 1 of the Crypt
 71362 | Crypt:1  | Found a transporter.
 71379 | Crypt:1  | Found a transporter.
 71380 | Crypt:1  | Noticed Zivuv's ghost (veteran FoFi)
 71399 | Crypt:1  | Noticed Jory
 71411 | Crypt:1  | Killed Jory
 71425 | Crypt:1  | Identified the ring of Baulyas {rF+ rC++ Str+4}
 71425 | Crypt:1  | Noticed a royal mummy
 71478 | Crypt:1  | Reached skill level 15 in Earth Magic
 72003 | Crypt:2  | Reached skill level 5 in Ranged Weapons
 72489 | Crypt:3  | Entered Level 3 of the Crypt
 73045 | Crypt:3  | Identified the amulet of Zotawnaasa {Acrobat Str+8}
 73455 | Crypt:3  | Found a staircase to the Tomb.
 73645 | Crypt:3  | Identified the ring of Gin and Tonic {rPois rN+ rCorr}
 73666 | Crypt:3  | Noticed a royal mummy
 73675 | Crypt:3  | Found an ancient bone altar of Kikubaaqudgha.
 73675 | Crypt:3  | Identified the ring of the Powerful Banana {Fly Int+5}
 73929 | Crypt:3  | Identified the ring of Accord {rN+ Str+4}
 74119 | Crypt:3  | Acquired 1015 gold pieces
 74158 | Crypt:3  | Reached skill level 10 in Ranged Weapons
 74226 | Crypt:3  | Got the Lectures on the Mortuary
 74775 | Crypt:3  | Killed a royal mummy
 75308 | Slime:1  | Entered Level 1 of the Pits of Slime
 75519 | Slime:5  | Entered Level 5 of the Pits of Slime
 75626 | Slime:5  | Noticed the Royal Jelly
 75638 | Slime:5  | Found a viscous altar of Jiyva.
 75651 | Slime:5  | Killed the Royal Jelly
 75670 | Slime:5  | Paralysed by a floating eye for 2 turns
 75699 | Slime:5  | Reached skill level 15 in Spellcasting
 75706 | Slime:5  | Identified the amulet of the Empire {Reflect rPois rF-
                  | Regen+ Int+6 SH+5}
 75738 | Slime:5  | Identified the ring "Lanoh" {Fly AC+4 Str+2}
 75750 | Slime:5  | Acquired the ring "Qaahoh" {rPois rN+ Will+ EV+5}
 75753 | Slime:5  | Got a slimy rune of Zot
 75754 | Slime:5  | Identified the ring of Isyacleg {rC+ rN+ Will+ AC+4 Int+2
                  | Dex+3}
 75801 | Slime:5  | Identified the +3 flail "Orb Guardian's Peril" {heavy,
                  | *Noise rC+ rCorr Int+2}
 75811 | Slime:5  | Identified the +8 dagger "Lub Taekoudgh" {freeze, rC+ rN+
                  | Int+4 Stlth+}
 76217 | Zot:1    | Entered Level 1 of the Realm of Zot
 76354 | Zot:1    | Reached XP level 27. HP: 58/144 MP: 29/43
 76567 | Zot:1    | You fall into a shaft and drop 1 floor!
 76880 | Zot:2    | Found a transporter.
 76881 | Zot:2    | Found a transporter.
 77648 | Zot:2    | Noticed Grunn
 77664 | Zot:2    | Killed Grunn
 77720 | Zot:2    | Found a transporter.
 77723 | Zot:2    | Found a transporter.
 78056 | Zot:2    | Learned a level 5 spell: Arcjolt
 78063 | Zot:2    | Found a transporter.
 78065 | Zot:2    | Found a transporter.
 78607 | Zot:3    | Identified the +0 scale mail of Valiance {rPois SInv}
 79008 | Zot:3    | Identified the +6 quarterstaff "Meureder" {flame, *Noise
                  | rPois rCorr Dex+8}
 79847 | Zot:4    | Noticed an orb of fire
 79850 | Zot:4    | Gained mutation: Your magical capacity is low. (-10% MP)
                  | [an orb of fire]
 79859 | Zot:4    | Killed an orb of fire
 80848 | Zot:4    | Identified the +0 ring mail "Memnef" {Int+4}
 80931 | Zot:4    | Reached skill level 10 in Air Magic
 81325 | Zig:1    | Entered Level 1 of a ziggurat
 81353 | Zig:2    | Entered Level 2 of a ziggurat
 81389 | Zig:3    | Entered Level 3 of a ziggurat
 81422 | Zig:4    | Entered Level 4 of a ziggurat
 81489 | Zig:5    | Entered Level 5 of a ziggurat
 81812 | Zig:6    | Entered Level 6 of a ziggurat
 81827 | Zig:6    | Reached skill level 15 in Conjurations
 81853 | Zig:6    | Identified the +3 hand axe of Nylot {elec, +Blink}
 82008 | Zig:7    | Entered Level 7 of a ziggurat
 82019 | Zig:7    | Found the +2 cloak of the Thief {*Fog Slay-2 SInv Stlth+}
 82039 | Zig:7    | Identified the +8 morningstar "Qeke Con" {elec, Will- Dex+4
                  | SInv Stlth+}
 82100 | Zig:8    | Entered Level 8 of a ziggurat
 82351 | Zig:9    | Entered Level 9 of a ziggurat
 82357 | Zig:9    | Noticed Ylugil the pandemonium lord
 82357 | Zig:9    | Noticed Qaut Aso the pandemonium lord
 82367 | Zig:9    | Killed Ylugil the pandemonium lord
 82368 | Zig:9    | Killed Qaut Aso the pandemonium lord
 82426 | Zig:10   | Entered Level 10 of a ziggurat
 82433 | Zig:10   | Noticed a royal mummy
 82444 | Zig:10   | HP: 7/144 [poisoned by an ushabti (dark miasma)]
 82444 | Zig:10   | HP: 3/144 [bennu (4)]
 82445 | Zig:10   | Succumbed to an ushabti's dark miasma

Illustrated notes

Levels and vault maps discovered:
D:1:      dpeg_arrival_stone_temple_mockup, layout_loops_corners,
          bh_walls_and_bars
D:2:      layout_basic, patterned_corridor
D:3:      layout_loops_corners, dreamdust_ecumenical_altar_drowned_temple
D:4:      layout_basic
D:5:      layout_basic, uniq_prince_ribbit1, uniq_pikel, uniq_sigmund
D:6:      layout_cave_pods, temple_green, portal_sewer_entry_a
D:7:      layout_gridville, mainiacjoe_overflow_boulevard, enter_bailey_6,
          st_stairs_14, minmay_unpleasant_kobolds
D:8:      layout_loops_cross, minmay_statues_item, uniq_maggie, uniq_amaemon
D:9:      layout_long_grid, mainiacjoe_overflow_swirl
D:10:     layout_roguey, zombieorc1_lemuel, serial_shops, shop_statue,
          kennysheep_mini, nicolae_shop_overgrown_old_shop,
          nicolae_lakefront_shop, shop_fountains, serial_ice, serial_ice_n,
          serial_ice_k, serial_ice_d, serial_ice_b, serial_ice_h, serial_ice_e,
          serial_ice_c
D:11:     cheibrodos_grave_circle, layout_basic, dpeg_oklobed_lair,
          nicolae_diode_intersection, uniq_maurice
D:12:     layout_stronghold, eino_curves_03, nicolae_dithmenos_shadow_blocks
D:13:     layout_loops_corners, david_vaults_2, uniq_nessos, uniq_snorg
D:14:     minmay_complete_graph, layout_irregular_city,
          nicolae_qazlal_eye_of_the_storm, uniq_roxanne, uniq_kirke
D:15:     hangedman_depths_entry_civil_slaughter, layout_loops_ring,
          gauntlet_entry_generic, nzn_hepliaklqana_mist_gate, uniq_azrael,
          uniq_josephine
Lair:1:   layout_roguey
Lair:2:   layout_chaotic_city, guppyfry_snake_entry_garden, basic_altar,
          serial_bayou_shore_a, lemuel_fruit_fields
Lair:3:   layout_small_grid, nicolae_swamp_entry_splash_gauntlet,
          ebering_ghost_rock_garden, beast_lair_carwin_7, uniq_gastronok
Lair:4:   layout_hall_layers, slime_entry_1, lemuel_fruit_tree
Lair:5:   evilmike_catoblepas_cave, layout_layer_cave, bobbens_ice_dragon_lair
Swamp:1:  layout_falls_marsh, basic_altar, infiniplex_staircase_pool_2,
          uniq_mlioglotl
Swamp:2:  layout_basic_swamp, evilmike_swamp_ruin_house_2, swamp_pool3,
          st_swamp_ruins_3
Swamp:3:  layout_basic_swamp, infiniplex_staircase_pool
Swamp:4:  swamp_pestilence, layout_basic_swamp, cheibrodos_swamp_minitomb
Snake:1:  layout_honeycomb, nicolae_shop_sticking_my_neck_out, uniq_aizul
Snake:2:  layout_rooms, basic_altar, drop_trap,
          nicolae_snake_serpentine_hallways, grunt_ministairs_14,
          nicolae_snake_storage_room
Snake:3:  gammafunk_sealed_library, layout_misc_corridors, serial_shops, shop,
          grunt_ministairs_10, uniq_vashnia
Snake:4:  grunt_snake_rune_spirals, layout_concentric_octagons,
          grunt_ministairs_3, nicolae_shop_clearance
Slime:1:  layout_caves
Slime:2:  layout_caves, nicolae_slime_round_cave
Slime:3:  layout_caves
Slime:4:  layout_caves, nicolae_slime_welcoming_committee
Slime:5
Orc:1:    layout_caves, uniq_sonja
Orc:2:    st_orc_town, layout_caves, serial_shops, shop_fountains,
          kennysheep_orc_chapel
Elf:1:    layout_loops_corners, serial_shops, nicolae_shop_trees,
          minmay_elf_annihilation, grunt_ministairs_7, uniq_frances
Elf:2:    elven_hall_of_blades_hangedman_original
          [nicolae_blade_entry_floor_patterns], layout_onion_city, serial_shops,
          shop, nicolae_square_shop, nicolae_shop_window_shopping, shop, shop,
          uniq_jorgrun, uniq_zenata
Elf:3:    elf_hall_gauntlet_wide, layout_loops_corners
Vaults:1: v_misc_2, vaults_standard_mumra_lines, nicolae_vaults_holding_cells,
          v_misc_10, vaults_standard_mumra_enter_the_diamond,
          nicolae_vaults_mini_display_case, vaults_room_corners,
          ontoclasm_vaults_claustrophobia, v_misc_16, vaults_dpeg_diagonal,
          vaults_dpeg_spiral, grunt_vaults_hallway_long,
          layout_vaults_omnicross, serial_shops,
          nicolae_shop_bloodbath_and_beyond, uniq_asterion
Vaults:2: ontoclasm_vaults_spin, v_misc_25, nicolae_vaults_disjoint_gnomons,
          ontoclasm_vaults_idyll, nicolae_vaults_octagons, vaults_room_boxed,
          nicolae_vaults_angled_halls, v_pattern_3,
          nicolae_vaults_little_squares_6, v_misc_3,
          nicolae_vaults_little_squares_1, v_misc_16,
          vaults_room_stairs_pillars, layout_vaults_omnibox
Vaults:3: nicolae_vaults_border_crossing, blue_anna_dwarven_crypt,
          vaults_dpeg_emergency_exit, nicolae_vaults_ninety_degrees,
          dpeg_vaults_monster_box, v_misc_18, hangedman_vaults_cutoff, v_misc_5,
          ontoclasm_vaults_idyll, v_misc_22, layout_vaults_omnigrid,
          uniq_margery
Vaults:4: portal_desolation_entry_nicolae_slug, v_misc_28, vaults_room_fours,
          vaults_mumra_minichess, v_rooms_6, v_pattern_5,
          vaults_standard_mumra_x, nicolae_vaults_little_squares_6,
          nicolae_vaults_little_squares_3, vaults_room_door_ring,
          hangedman_vaults_impose, vaults_dpeg_hooks, layout_vaults_big_room,
          serial_shops, shop_statue
Vaults:5
Crypt:1:  layout_chaotic_city, nzn_ghost_randoct, grunt_ministairs_2, uniq_jory
Crypt:2:  layout_rooms
Crypt:3:  church_of_pain_bobbens, layout_chaotic_city
Depths:1: layout_cave_pools, grunt_pan_entry_in_and_out, hell_entry,
          hangedman_decor_growths, yredelemnul_forgotten_temple_becter,
          grunt_megastairs_5, firewood_loft
Depths:2: cheibrodos_leafed_vault, layout_basic, rand_demon_pan_entry_4,
          serial_sigils_hangedman_quiver, hell_entry, abyss_entry,
          infiniplex_staircase_pillars_3b
Depths:3: minmay_inner_zag, layout_cave_pools, enter_ziggurat_b,
          chequers_serial_rivers_large_b, pf_hell_entry_great_geh,
          nicolae_abyss_entry_one_way_or_another
Depths:4: grunt_zot_entry_alcove, layout_basic, hell_entry,
          grunt_decor_junction, abyss_entry, serial_shops, nicolae_shop_trees,
          shop, nicolae_shop_crystal, shop, pan_entry
Zot:1:    layout_basic
Zot:2:    layout_basic, serial_nicolae_subway, nicolae_sub_station_metal,
          nicolae_sub_station_crystal, nicolae_sub_station_stone, uniq_grunn
Zot:3:    layout_gridlike
Zot:4:    layout_cellular_growth, grunt_megastairs_1
Zig:10

Skill      XL: |  1  2  3  4  5  6  7  8  9 10 11 12 13 14 15 16 17 18 19 20 21 22 23 24 25 26 27 |
---------------+----------------------------------------------------------------------------------+-----
Dodging        | 1 2 4 8 |  8.0
Stealth        | 5 6 7 9 12 13 15 | 15.0
Fighting       | 2 3 4 5 7 9 10 12 14 15 | 15.0
Short Blades   | 2 3 4 5 7 9 10 12 | 12.0
Throwing       | 2 3 4 5 8 10 | 10.4
Invocations    | 5 8 12 | 12.8
Armour         | 4 7 8 |  8.0
Evocations     | 2 8 9 |  9.7
Spellcasting   | 5 7 8 11 12 15 | 15.0
Hexes          | 4 6 9 12 | 12.8
Shields        | 4 8 |  8.0
Conjurations   | 4 8 12 15 | 15.0
Necromancy     | 4 6 8 11 12 17 19 | 19.7
Translocations | 1 4 8 |  8.0
Air Magic      | 7 8 10 | 10.0
Poison Magic   | 3 8 |  8.1
Earth Magic    | 11 12 14 15 18 | 18.1
Ranged Weapons | 11 | 11.9

Action                   |  1- 3 |  4- 6 |  7- 9 | 10-12 | 13-15 | 16-18 | 19-21 | 22-24 | 25-27 || total
-------------------------+-------+-------+-------+-------+-------+-------+-------+-------+-------++-------
Melee: Dagger            |    86 |    78 |   460 |   744 |  1404 |  1971 |  2024 |  2324 |  2918 || 12009
       Bite              |    19 |    27 |   136 |   324 |   730 |   899 |  1011 |  1436 |  1837 ||  6419
       Punch             |       |     1 |     5 |    14 |    10 |       |       |       |       ||    30
 Fire: Hand crossbow     |       |       |       |       |       |       |       |       |     2 ||     2
Throw: Dart              |    51 |     2 |     3 |    12 |    54 |    10 |    58 |    31 |     5 ||   226
       Boomerang         |       |       |     6 |       |     4 |       |    16 |     4 |       ||    30
       Throwing net      |       |       |       |       |     1 |       |     3 |       |       ||     4
       Javelin           |       |       |       |       |       |       |    12 |     9 |    11 ||    32
 Cast: Confusing Touch   |       |       |       |       |       |     2 |       |       |       ||     2
       Animate Dead      |       |       |       |       |       |     3 |     6 |     8 |     6 ||    23
       Dispel Undead     |       |       |       |       |       |       |     7 |     2 |    41 ||    50
       Mephitic Cloud    |       |       |       |       |       |       |     5 |     5 |       ||    10
       Swiftness         |       |       |       |       |       |       |     2 |     1 |     1 ||     4
       Iskenderun's Myst |       |       |       |       |       |       |       |    11 |    15 ||    26
       Blink             |       |       |       |       |       |       |       |     1 |     1 ||     2
       Lee's Rapid Decon |       |       |       |       |       |       |       |     4 |     9 ||    13
       Borgnjor's Vile C |       |       |       |       |       |       |       |     2 |     6 ||     8
       Death Channel     |       |       |       |       |       |       |       |     1 |     1 ||     2
       Vampiric Draining |       |       |       |       |       |       |       |       |     2 ||     2
       Iron Shot         |       |       |       |       |       |       |       |       |     4 ||     4
Invok: Grand Finale      |       |       |       |       |       |       |     1 |     1 |     3 ||     5
       Line Pass         |       |       |       |       |       |       |     1 |       |       ||     1
Evoke: Wand              |       |     2 |     3 |     2 |    17 |    13 |    36 |     7 |     7 ||    87
       Condenser vane    |       |       |       |     1 |     3 |     2 |     2 |     2 |     4 ||    14
       Phial of floods   |       |       |       |       |       |       |     2 |     2 |       ||     4
       Tin of tremorston |       |       |       |       |       |       |       |       |     1 ||     1
  Use: Potion            |     1 |     2 |     2 |     1 |     3 |     1 |     3 |     6 |    10 ||    29
       Scroll            |       |    14 |     7 |     8 |    14 |     7 |     9 |    13 |    24 ||    96
 Stab: Sleeping          |     7 |     5 |    12 |    22 |    22 |    23 |    23 |    31 |    25 ||   170
       Invisible         |       |       |     4 |     5 |     4 |     2 |       |       |     2 ||    17
       Paralysed         |       |       |       |    34 |    51 |   134 |   118 |   137 |   195 ||   669
       Distracted        |       |       |       |       |     7 |    14 |    16 |    19 |     5 ||    61
       Held in net/web   |       |       |       |       |     1 |       |       |       |       ||     1
       Confused          |       |       |       |       |       |     2 |     8 |     4 |       ||    14
Armor: Robe              |    33 |    19 |    67 |    16 |       |       |       |       |       ||   135
       Skin              |       |       |     3 |       |       |       |       |       |       ||     3
       Ring mail         |       |       |       |    44 |   210 |   259 |   434 |   310 |   521 ||  1778
       Steam dragon scal |       |       |       |    14 |       |       |       |       |       ||    14
Dodge: Dodged            |    45 |    26 |   200 |   273 |   409 |   591 |   775 |   673 |   939 ||  3931
Block: Buckler           |       |       |       |       |   108 |   366 |   327 |   378 |   581 ||  1760
       Reflection        |       |       |       |       |       |     4 |       |       |       ||     4

Table legend: (Time is in decaauts)
 A = Elapsed time spent in this place.
 B = Non-inter-level travel time spent in this place.
 C = Inter-level travel time spent in this place.
 D = Time resting spent in this place.
 E = Time spent auto-exploring this place.
 F = Levels seen in this place.
 G = Mean time per level.
                   A        B        C        D        E       F      G
               +--------+--------+--------+--------+--------+-----+--------+
         Total |  77010 |  66663 |  10347 |  16593 |  27883 |  71 | 1084.6 |
       Dungeon |  21109 |  17688 |   3421 |   4132 |   9108 |  15 | 1407.3 |
          Lair |   8222 |   7143 |   1079 |   2104 |   3022 |   5 | 1644.4 |
         Swamp |   5103 |   4825 |    278 |   1911 |   1487 |   4 | 1275.8 |
     Snake Pit |   5269 |   4708 |    561 |    608 |   2435 |   4 | 1317.2 |
    Slime Pits |    515 |    448 |     67 |     85 |      0 |   5 |  103.0 |
  Orcish Mines |   2086 |   1602 |    484 |    269 |    824 |   2 | 1043.0 |
   Elven Halls |   7179 |   6331 |    848 |   2504 |   1661 |   3 | 2393.0 |
        Vaults |  10199 |   7598 |   2601 |   1051 |   3749 |   5 | 2039.8 |
         Crypt |   3426 |   3309 |    117 |    802 |   1004 |   3 | 1142.0 |
        Depths |   5112 |   4387 |    725 |    854 |   2484 |   4 | 1278.0 |
           Zot |   4478 |   4317 |    161 |   1268 |   1752 |   4 | 1119.5 |
         Abyss |   1451 |   1451 |      0 |    194 |    108 |   3 |  483.7 |
      Ziggurat |   1003 |   1003 |      0 |    558 |      0 |  10 |  100.3 |
         Sewer |    309 |    309 |      0 |      0 |     38 |   1 |  309.0 |
        Bailey |    344 |    344 |      0 |    130 |      0 |   1 |  344.0 |
    Desolation |    822 |    822 |      0 |      0 |    208 |   1 |  822.0 |
      Gauntlet |    375 |    375 |      0 |    120 |      0 |   1 |  375.0 |
               +--------+--------+--------+--------+--------+-----+--------+

Top non-repeatable levels by time:
   Elf:3: 3845 daAuts
Vaults:1: 2559 daAuts
Vaults:5: 2410 daAuts
  Lair:5: 2375 daAuts
    D:10: 2294 daAuts
  Lair:3: 2271 daAuts
 Crypt:3: 2266 daAuts
Vaults:3: 2204 daAuts
    D:13: 2151 daAuts
 Snake:4: 2101 daAuts
 Swamp:4: 2055 daAuts
    D:14: 1947 daAuts
     D:4: 1797 daAuts
   Elf:1: 1783 daAuts
Depths:4: 1661 daAuts
